 Dungeon Crawl Stone Soup version 0.23-a0-650-ga4d50d4d25 (webtiles) character file.

642 EnegeticOcto the Chopper (level 7, 0/56 HPs)
             Began as a Human Abyssal Knight on Jan 4, 2019.
             Was a Priest of Lugonu.
             Killed by divine providence
             ... invoked by an orc priest
              (14 damage)
             ... on level 5 of the Dungeon.
             The game lasted 00:09:32 (2124 turns).

EnegeticOcto the Chopper (Human Abyssal Knight)     Turns: 2124, Time: 00:09:33

Health: 0/56       AC: 10    Str: 14    XL:     7   Next: 81%
Magic:  9/9        EV:  5    Int: 13    God:    Lugonu [***...]
Gold:   161        SH: 12    Dex: 12    Spells: 6/6 levels left

rFire    . . .     SeeInvis .   a - +1 hand axe
rCold    . . .     Gourm    .   l - +0 shield
rNeg     . . .     Faith    .   r - +0 chain mail
rPois    .         Spirit   .   m - +0 helmet
rElec    .         Reflect  +   (no cloak)
rCorr    .         Harm     .   e - +0 pair of gloves
MR       .....                  (no boots)
Stlth    ..........             i - +5 amulet of reflection
HPRegen  0.18/turn              f - +2 ring of evasion
MPRegen  0.11/turn              (no ring)

@: no status effects
A: no striking features
a: Depart the Abyss, Bend Space, Banish, Renounce Religion


You were on level 5 of the Dungeon.
You worshipped Lugonu.
Lugonu was most pleased with you.
You were hungry.

You visited 1 branch of the dungeon, and saw 5 of its levels.
You visited the Abyss 1 time.

You collected 161 gold pieces.

Inventory:

Hand Weapons
 a - a +1 hand axe (weapon)
Armour
 e - a +0 pair of gloves (worn)
 l - a +0 shield (worn)
 m - a +0 helmet (worn)
 r - a +0 chain mail (worn)
Jewellery
 f - a +2 ring of evasion (left hand)
 i - a +5 amulet of reflection (around neck)
Scrolls
 b - a scroll of teleportation {unknown}
 h - 2 scrolls of blinking {unknown}
 k - a scroll of magic mapping {unknown}
 n - a scroll of fear {unknown}
 p - a scroll of remove curse {unknown}
 q - 2 scrolls of identify {unknown}
Potions
 d - a potion of curing
 j - a potion of brilliance
Comestibles
 c - 5 rations


   Skills:
 + Level 5.1 Fighting
 * Level 6.3 Axes
 - Level 2.0 Armour
 - Level 1.0 Dodging
 + Level 3.5 Invocations


You had 6 spell levels left.
You didn't know any spells.
Your spell library was empty.

Dungeon Overview and Level Annotations

Branches:
Dungeon (5/15)
 Temple: D:4-7

Altars:

Annotations:
D:3 1 runed door
D:4 Edmund


Message History

Lugonu accepts your kill.
The orc priest invokes the aid of Beogh against you.
Pain shoots through your body!
* * * LOW HITPOINT WARNING * * *
You block the orc priest's attack.
Items here: )) [ †† a +0 dagger of venom; a +0 robe; a +0 club; an orc corpse x2
You feel better.
The orc priest casts a cantrip, but nothing happens.
Your shield and chain mail prevent you from hitting the orc priest.
The orc priest is severely wounded.
The orc priest hits you but does no damage.
You closely miss the orc priest.
The orc priest is severely wounded.
The orc priest casts a cantrip, but nothing happens.
You closely miss the orc priest.
The orc priest is severely wounded.
The orc priest calls down the wrath of Beogh upon you.
Beogh smites you!
You die...

###
#<#
#.#
#.#
#@#
#o#
#o#
#.#
#.#
...
###


You could see an orc priest and an orc.

Vanquished Creatures
  Sigmund (D:3)
  An ice beast (D:4)
  An ogre (D:4)
  A centaur (D:4)
  A howler monkey (D:4)
  A hound (D:4)
  2 orc wizards
  A hound skeleton (D:4)
  A gnoll (D:4)
  2 adders (D:2)
  An ooze (D:1)
  2 worms
  3 dart slugs
  2 orcs
  8 bats
  A giant cockroach (D:1)
  5 goblins
  6 hobgoblins
  11 jackals
  5 kobolds
  A quokka (D:2)
  2 ball pythons
  7 frilled lizards
  4 rats
70 creatures vanquished.

Notes
Turn   | Place    | Note
-------+----------+-------------------------------------------
     0 | Abyss:1  | EnegeticOcto the Human Abyssal Knight began the quest for
                  | the Orb.
     0 | Abyss:1  | Reached XP level 1. HP: 18/18 MP: 2/2
    34 | D:1      | Escaped the Abyss
    72 | D:1      | Reached XP level 2. HP: 23/24 MP: 3/3
   161 | D:1      | Reached XP level 3. HP: 9/29 MP: 4/4
   223 | D:1      | Reached skill level 3 in Axes
   297 | D:1      | Reached ** piety under Lugonu
   620 | D:2      | Reached XP level 4. HP: 20/36 MP: 5/5
   939 | D:3      | Noticed Sigmund
  1010 | D:3      | Killed Sigmund
  1010 | D:3      | Reached skill level 5 in Axes
  1010 | D:3      | Reached XP level 5. HP: 28/43 MP: 6/6
  1010 | D:3      | Reached XP level 6. HP: 32/49 MP: 7/7
  1351 | D:3      | Found a runed door.
  1623 | D:4      | Noticed an ice beast
  1642 | D:4      | Killed an ice beast
  1642 | D:4      | Reached XP level 7. HP: 55/55 MP: 7/9
  1688 | D:4      | Reached skill level 6 in Axes
  1752 | D:4      | Reached skill level 5 in Fighting
  1805 | D:4      | Noticed Edmund
  2075 | D:4      | Reached *** piety under Lugonu
  2096 | D:5      | Entered Level 5 of the Dungeon
  2124 | D:5      | Killed from afar by an orc priest

Vault maps used:
D:1:      dpeg_arrival_oval, minivault_19, minivault_4
D:2:      first_ration, hangedman_feature_mirror
D:3:      minmay_box_of_dots, uniq_crazy_yiuf_cottage, uniq_sigmund
D:4:      patterned_corridor, uniq_edmund, uniq_ijyb, uniq_menkaure
D:5:      grunt_temple_overflow_open, old_standard_altar,
          minmay_tree_intersection, uniq_eustachio

Skill      XL: |  1  2  3  4  5  6  7 |
---------------+----------------------+-----
Axes           | 3 5 6 |  6.3
Fighting       | 4 5 |  5.1
Invocations    | 3 |  3.5
Armour         | |  2.0
Dodging        | |  1.0

Action                   |  1- 3 |  4- 6 |  7- 9 || total
-------------------------+-------+-------+-------++-------
Melee: Hand axe          |    99 |   137 |    53 ||   289
       Unarmed           |       |    17 |     3 ||    20
Invok: Bend Space        |       |     2 |       ||     2
  Use: Potion            |       |     5 |     3 ||     8
  Eat: Chunk             |       |     3 |     1 ||     4
Armor: Leather armour    |    31 |     3 |       ||    34
       Chain mail        |       |    76 |    21 ||    97
       Skin              |       |    19 |     5 ||    24
Dodge: Dodged            |    56 |    37 |     5 ||    98
Block: Shield            |    32 |    99 |    34 ||   165
       Other             |     6 |       |       ||     6
       Reflection        |       |     1 |     3 ||     4

Table legend:
 A = Non-vault XP
 B = Vault XP
 C = Vault XP percentage of total XP
 D = Non-vault monster count
 E = Vault monster count
 F = Vault count percentage of total count
                 A         B        C        D         E       F
            +---------+---------+-------+---------+---------+-------
      Total |     705 |     213 |  23.2 |      66 |       4 |   5.7
            +---------+---------+-------+---------+---------+-------
        D:1 |      36 |       0 |   0.0 |      17 |       0 |   0.0
        D:2 |      55 |       3 |   5.2 |      17 |       2 |  10.5
        D:3 |      73 |     210 |  74.2 |      17 |       2 |  10.5
        D:4 |     498 |       0 |   0.0 |      13 |       0 |   0.0
        D:5 |      43 |       0 |   0.0 |       2 |       0 |   0.0
            +---------+---------+-------+---------+---------+-------
